 Dungeon Sprint DCSS version 0.17-a0-1181-gabc46e6 (webtiles) character file.

2241 Kidiri the Basher (level 9, -3/105 HPs)
             Began as a Troll Berserker on May 31, 2015.
             Was a High Priest of Trog.
             Killed by divine providence
             ... invoked by an orc priest
              (14 damage)
             ... in the Dungeon (Sprint III: "The Ten Rune Challenge").
             The game lasted 00:08:32 (1107 turns).

Kidiri the Basher (Troll Berserker)                 Turns: 1107, Time: 00:08:32

Health: -3/105     AC:  6    Str: 30    XL:     9   Next: 14%
Magic:  8/8        EV: 12    Int:  3    God:    Trog [*****.]
Gold:   31         SH:  0    Dex:  9    Spells: 0 memorised, 8 levels left

rFire  . . .     SeeInvis .     a - +0 mace
rCold  . . .     Clarity  .     k - +0 robe {MR+}
rNeg   . . .     SustAt   .     (no shield)
rPois  .         Gourm    +     (helmet restricted)
rElec  .         Spirit   .     (no cloak)
rCorr  .         Warding  .     (gloves unavailable)
rMut   .         NoTele   +     (boots unavailable)
MR     +....                    (no amulet)
Stlth  +.........               (no ring)
                                (no ring)

@: exhausted, slowed, very slow, somewhat resistant to hostile enchantments,
very unstealthy
A: unfitting armour, claws 3, blurry vision 1, fast metabolism 3, gourmand,
sense surroundings 1, regeneration 2, shaggy fur 2, tough skin 2, no device heal
1
a: Burn Spellbooks, Berserk, Trog's Hand, Brothers in Arms, Renounce Religion


You were in the Dungeon.
You worshipped Trog.
Trog was extremely pleased with you.
You were hungry.

You visited 1 branch You collected 31 gold pieces.

Inventory:

Hand weapons
 a - a +0 mace (weapon)
 j - a +1 shortbow of flaming
Armour
 b - a +0 animal skin
 k - a +0 robe of magic resistance (worn)
Magical devices
 w - a wand of teleportation (7)
Scrolls
 i - a scroll of blinking
 l - a scroll of holy word {unknown}
 m - a scroll of recharging {unknown}
 n - a scroll of identify {unknown}
 q - a scroll of immolation {unknown}
 r - 3 scrolls of remove curse
Potions
 d - 3 potions of curing
 e - a potion of heal wounds
 f - 2 potions of haste
 g - 2 potions of magic
 h - 2 potions of berserk rage
 p - a potion of cure mutation
 t - a potion of flight {unknown}
 u - a potion of experience {unknown}
Comestibles
 c - 2 bread rations
 o - 4 fruits
 s - a meat ration
 x - a royal jelly


   Skills:
 * Level 11.3 Fighting
 * Level 12.2 Maces & Flails
 + Level 8.3 Dodging


You had 8 spell levels left.
You didn't know any spells.

Dungeon Overview and Level Annotations

Branches:
Dungeon (1/1)

Altars:
Cheibriados
Dithmenos
Elyvilon
Fedhas
Gozag
Kikubaaqudgha
Makhleb
Nemelex Xobeh
Okawaru
Qazlal
Ru
Sif Muna
Trog
Vehumet
Xom
Yredelemnul
Zin
The Shining One
Jiyva
Lugonu


Innate Abilities, Weirdness & Mutations

You are too large for most types of armour.
You have claws for hands.
Your metabolism is lightning-fast.
You like to eat raw meat.
You heal very quickly.
You are covered in thick fur (AC +2).
You have very tough skin (AC +2).
Scrolls take you a little longer to read.
You passively map a small area around you.
Potions and wands are less effective at restoring your health.


Message History

You closely miss the orc. The orc hits you but does no damage.
You bludgeon the orc!!
You kill the orc!
Trog accepts your kill.
The orc throws a tomahawk.
The tomahawk closely misses you. The orc hits you but does no damage. x2
The orc closely misses you.
Items here: $ )) [ † a dagger x2 a runed robe; 9 gold pieces; an orc corpse You sock the orc!
You kill the orc!
Trog accepts your kill.
You are no longer berserk.
You are exhausted.
You feel yourself slow down.
You are feeling hungry.
The orc priest mumbles some strange prayers to Beogh against you.
Something smites you!
You die...

▓▓▓ * ▓▓▓
♣.################$#$# *
♣.#___#__[#__#$#$#$$$# ,+
♣.#.).#)..#._#$......o ,
♣♣♣.###'#'###)##........*,*
♣♣..#..........#oooo..
.♣♣.'.⌠........#)o$# * *,
≈♣..#...######'#@o# * * *
....#.⌠.#__#...#§####### *
* ....#...#__#...#§§§≈≈+.#
,, *
....#'###__#...#§#§§§#.# ,
....#.).#__#...'.#.§§#.#
....#___#_.'...#.#§.§#.. ,
, ,
▓▓▓▓▓▓▓▓▓▓▓▓▓▓▓▓▓▓▓▓▓▓▓▓▓ ≈
* , * ≈ , ,, * ≈ * ≈ * * ≈
≈ +,


You could see an orc high priest, 2 orc priests and 4 orcs.

Vanquished Creatures
  Erica (D)
  An orc knight (D)
  A deep elf priest (D)
  A shadow (D)
  A spatial vortex (D)
  A necrophage (D)
  An earth elemental (D)
  A water elemental (D)
  A jelly (D)
  An orc priest (D)
  A wizard (D)
  Jessica (D)
  An orc wizard (D)
  A necromancer (D)
  A wolf (D)
  A kobold demonologist (D)
  3 humans (D)
  An ooze (D)
  5 orcs (D)
  A rat (D)
26 creatures vanquished.

Vanquished Creatures (collateral kills)
  2 orc wizards (D)
  An orc (D)
3 creatures vanquished.

Vanquished Creatures (others)
  2 draconian scorchers (D)
  2 yaktaurs (D)
  2 ogres (D)
  A plant (D)
7 creatures vanquished.

Grand Total: 36 creatures vanquished

Notes
Turn   | Place    | Note
--------------------------------------------------------------
     0 | D        | Kidiri the Troll Berserker began the quest for the Orb.
     0 | D        | Reached XP level 1. HP: 22/22 MP: 0/0
    13 | D        | Reached skill level 3 in Fighting
    14 | D        | Acquired Trog's second power
    16 | D        | Killed a yaktaur
    23 | D        | Noticed Jessica
    38 | D        | Killed Jessica
    38 | D        | Reached skill level 4 in Fighting
    38 | D        | Reached XP level 2. HP: 21/32 MP: 1/1
    38 | D        | Reached XP level 3. HP: 25/39 MP: 2/2
    71 | D        | Noticed a wolf
    78 | D        | Killed a wolf
   109 | D        | Gained mutation: You are frail (-10% HP). [potion of mutation]
   109 | D        | Gained mutation: Potions and wands are less effective at restoring your health. [potion of mutation]
   109 | D        | Gained mutation: Your spells are a little easier to cast, but a little less powerful. [potion of mutation]
   110 | D        | Lost mutation: Your spells are a little easier to cast, but a little less powerful. [potion of cure mutation]
   110 | D        | Lost mutation: You are frail (-10% HP). [potion of cure mutation]
   111 | D        | Gained mutation: You are covered in thick fur (AC +2). [potion of mutation]
   111 | D        | Gained mutation: You passively map a small area around you. [potion of mutation]
   111 | D        | Gained mutation: Scrolls take you a little longer to read. [potion of mutation]
   149 | D        | Reached skill level 5 in Maces & Flails
   149 | D        | Reached XP level 4. HP: 40/49 MP: 3/3
   167 | D        | Noticed a water elemental
   172 | D        | Killed a water elemental
   172 | D        | Reached skill level 5 in Fighting
   172 | D        | Reached skill level 6 in Maces & Flails
   214 | D        | Killed a white draconian scorcher
   221 | D        | Found a radiant altar of Vehumet.
   221 | D        | Found a deep blue altar of Sif Muna.
   221 | D        | Found an ancient bone altar of Kikubaaqudgha.
   221 | D        | Noticed a wizard
   222 | D        | Killed a wizard
   222 | D        | Acquired Trog's third power
   222 | D        | Reached XP level 5. HP: 59/59 MP: 4/4
   227 | D        | Noticed a hellwing
   230 | D        | Noticed a rust devil
   290 | D        | Killed a white draconian scorcher
   302 | D        | Found a glowing silver altar of Zin.
   302 | D        | Found a glowing golden altar of the Shining One.
   302 | D        | Found a white marble altar of Elyvilon.
   303 | D        | Noticed a deep elf priest
   310 | D        | Killed a deep elf priest
   310 | D        | Reached skill level 8 in Fighting
   310 | D        | Reached skill level 5 in Dodging
   310 | D        | Reached XP level 6. HP: 64/72 MP: 5/5
   353 | D        | Found an iron altar of Okawaru.
   353 | D        | Found a bloodstained altar of Trog.
   353 | D        | Noticed a human
   355 | D        | Noticed a human
   362 | D        | Killed a human
   362 | D        | Reached skill level 9 in Maces & Flails
   362 | D        | Reached XP level 7. HP: 81/81 MP: 6/6
   366 | D        | Killed a human
   398 | D        | Found a basalt altar of Yredelemnul.
   398 | D        | Found a snail-covered altar of Cheibriados.
   398 | D        | Found a blossoming altar of Fedhas.
   398 | D        | Noticed a necrophage
   398 | D        | Noticed a necromancer
   399 | D        | Killed a necromancer
   399 | D        | Received a gift from Trog
   413 | D        | Killed a necrophage
   413 | D        | Reached skill level 10 in Maces & Flails
   529 | D        | Noticed a jelly
   530 | D        | Noticed a shadow
   538 | D        | Killed a jelly
   545 | D        | Killed a shadow
   709 | D        | Found a stormy altar of Qazlal.
   709 | D        | Found a sacrificial altar of Ru.
   709 | D        | Found a burning altar of Makhleb.
   709 | D        | Found a shimmering altar of Xom.
   709 | D        | Noticed a spatial vortex
   710 | D        | Found a viscous altar of Jiyva.
   710 | D        | Found a shadowy altar of Dithmenos.
   710 | D        | Found a sparkling altar of Nemelex Xobeh.
   710 | D        | Found a corrupted altar of Lugonu.
   710 | D        | Found an opulent altar of Gozag.
   727 | D        | Killed a spatial vortex
   727 | D        | Reached XP level 8. HP: 54/93 MP: 7/7
   805 | D        | Noticed Erica
   817 | D        | Killed Erica
   817 | D        | Reached skill level 10 in Fighting
   817 | D        | Reached skill level 11 in Maces & Flails
   843 | D        | Killed a yaktaur
   927 | D        | Noticed an earth elemental
   942 | D        | Killed an earth elemental
  1061 | D        | Noticed an orc knight
  1061 | D        | Noticed an orc wizard
  1061 | D        | Noticed an orc wizard
  1062 | D        | Noticed an orc wizard
  1065 | D        | Killed an orc wizard
  1078 | D        | Noticed an orc priest
  1079 | D        | Killed an orc wizard
  1094 | D        | Killed an orc wizard
  1098 | D        | Killed an orc knight
  1098 | D        | Reached skill level 12 in Maces & Flails
  1098 | D        | Reached XP level 9. HP: 33/105 MP: 8/8
  1100 | D        | Noticed an orc priest
  1100 | D        | Noticed an orc high priest
  1101 | D        | Noticed an orc priest
  1103 | D        | Killed an orc priest
  1107 | D        | Killed from afar by an orc priest

Vault maps used:
D:        dungeon_sprint_mu

Action                   |  1- 3 |  4- 6 |  7- 9 || total
-------------------------+-------+-------+-------++-------
Melee: Mace              |    42 |    27 |    91 ||   160
Invok: Berserk           |     1 |     4 |     3 ||     8
       Burn Spellbooks   |       |     1 |       ||     1
       Brothers in Arms  |       |       |     2 ||     2
  Use: Potion            |     4 |       |       ||     4
  Eat: Chunk             |     4 |     7 |     5 ||    16
